 Dungeon Crawl Stone Soup version 0.28.0-43-g3370ac3207 (webtiles) character file.

Game seed: 4000103060565061965

138 pkoi the Insei (level 5, -5/45 HPs)
             Began as a Draconian Monk on Mar 15, 2022.
             Killed from afar by an orc wizard (10 damage)
             ... with a puff of flame
             ... on level 4 of the Dungeon.
             The game lasted 00:06:06 (3543 turns).

pkoi the Insei (Draconian Monk)                     Turns: 3543, Time: 00:06:07

Health: -5/45      AC:  5    Str: 13    XL:     5   Next: 1%
Magic:  5/5        EV: 12    Int: 13    God:
Gold:   151        SH:  0    Dex: 13    Spells: 4/4 levels left

rFire   . . .      SeeInvis .     - Unarmed
rCold   . . .      Faith    .   (no shield)
rNeg    . . .      Spirit   .   (armour unavailable)
rPois   .          Reflect  .   (helmet restricted)
rElec   .          Harm     .   (no cloak)
rCorr   .          Rampage  .   (no gloves)
Will    .....                   (no boots)
Stlth   ++........              (no amulet)
HPRegen 0.15/turn               (no ring)
MPRegen 0.09/turn               (no ring)

@: invisible
A: AC +5, unfitting armour, cold-blooded
a: no special abilities


You were on level 4 of the Dungeon.
You visited 1 branch of the dungeon, and saw 4 of its levels.

You collected 151 gold pieces.

Inventory:

Hand Weapons
 a - a +0 dagger
 h - a +1 dagger of venom
Missiles
 n - a throwing net (quivered)
Scrolls
 b - 2 scrolls of silence {unknown}
 c - 2 scrolls of teleportation
 f - 2 scrolls of torment
 j - a scroll of noise {unknown}
 k - a scroll of identify {unknown}
 l - a scroll of amnesia {unknown}
 m - a scroll of blinking {unknown}
 p - a scroll of enchant weapon {unknown}
 q - a scroll of fog {unknown}
Potions
 e - 2 potions of curing
 g - a potion of mutation {unknown}
 i - a potion of resistance {unknown}


   Skills:
 - Level 3.2 Fighting
 - Level 2.6 Dodging
 - Level 1.7 Stealth
 + Level 5.7 Unarmed Combat


You had 4 spell levels left.
You didn't know any spells.
Your spell library contained the following spells:

 Spells                   Type           Power      Damage    Failure   Level
 Corpse Rot               Necr/Air       0%         N/A       43%         2
 Poisonous Vapours        Pois/Air       0%         N/A       43%         2
 Ozocubu's Armour         Ice            0%         N/A       67%         3
 Summon Forest            Summ/Tloc      0%         N/A       100%        5
 Summon Mana Viper        Hex/Summ       0%         N/A       100%        5
 Summon Cactus Giant      Summ           0%         N/A       100%        6
 Ozocubu's Refrigeration  Ice            0%         4d5       100%        7


Dungeon Overview and Level Annotations

Branches:
Dungeon (4/15)
 Temple: D:4-7

Altars:

Shops:
D:1 (

Annotations:
D:2 Ijyb
D:3 1 runed translucent door, Crazy Yiuf


Innate Abilities, Weirdness & Mutations

Your plain brown scales are hard. (AC +5)
You cannot fit into any form of body armour.
You are cold-blooded and may be slowed by cold attacks.


Message History

You completely miss the orc.
You tail-slap the orc, but do no damage.
You punch the orc, but do no damage.
The orc is severely wounded.
You hear some strange, mumbled words.
A puff of flame appears from out of thin air!
The puff of flame hits you!
* * * LOW HITPOINT WARNING * * *
The orc barely misses you. The orc hits you but does no damage.
You hit the orc.
You kill the orc!
Something hits you but does no damage.
You have reached level 5!
You barely miss something. Something hits you.
* * * LOW HITPOINT WARNING * * *
Unknown command.
You closely miss something. The orc closely misses you.
The orc barely misses you. Something hits you but does no damage.
The orc priest invokes the aid of Beogh against the orc.
The orc writhes in agony.
Unknown command.
You miss something.
The orc shouts!
Your tail-slap misses something.
The orc hits you but does no damage. The orc closely misses you.
Something hits you.
* * * LOW HITPOINT WARNING * * *
Unknown command.
You closely miss something. The orc misses you.
The orc hits you but does no damage.
Unknown command.
Unknown command.
You miss something. The orc misses you. Something hits you.
* * * LOW HITPOINT WARNING * * *
You punch something! Something completely misses you.
You closely miss something.
Your tail-slap misses something.
You hear some strange, mumbled words.
A puff of flame appears from out of thin air!
The puff of flame hits you!
You die...

######..# .....##.# #
#.##.##.# #.#.##.##.#
#.#.......# .....##.##.#
.###.##o##.# .# #o.o)#..#
#)# #@####..## #...{.#
#...# ##.########..## #...#
##.#...## #...# #..)....# .
#...# ##)#.......# ..
#####...#####.#.#...#.#
..#.##...........#.#.....#
#
...................#.#.....


You could see an orc priest and 2 orcs.

Vanquished Creatures
  A centaur skeleton (D:4)
  4 adders
  A worm (D:2)
  2 orcs (D:4)
  10 bats
  5 endoplasms
  3 giant cockroaches
  12 goblins
  A hobgoblin (D:4)
  6 quokkas
  A ball python (D:3)
  2 frilled lizards
  6 kobolds
  16 rats
70 creatures vanquished.

Notes
Turn   | Place    | Note
-------+----------+-------------------------------------------
     0 | D:1      | pkoi the Draconian Monk began the quest for the Orb.
     0 | D:1      | Reached XP level 1. HP: 19/19 MP: 1/1
   146 | D:1      | Found Ytwess's Weapon Shoppe.
   219 | D:1      | Reached XP level 2. HP: 26/26 MP: 2/2
   365 | D:1      | Found a faded altar of an unknown god.
   948 | D:2      | Reached skill level 4 in Unarmed Combat
  1138 | D:2      | Reached XP level 3. HP: 31/31 MP: 3/3
  1841 | D:3      | Found a runed translucent door.
  1842 | D:3      | Noticed Crazy Yiuf
  2124 | D:3      | Reached skill level 5 in Unarmed Combat
  2124 | D:3      | Reached XP level 4. HP: 38/38 MP: 4/4
  2705 | D:4      | Noticed Ijyb
  3506 | D:4      | Noticed an ogre
  3535 | D:4      | Reached XP level 5. HP: 13/45 MP: 5/5
  3543 | D:4      | Killed from afar by an orc wizard

Illustrated notes

Levels and vault maps discovered:
D:1:      heliophobic_arrival_henge, layout_basic, serial_shops, shop,
          shapermc_ecumenical_altar_totnotflames, chequers_serial_rivers_marsh
D:2:      layout_rooms, eino_tiny_chamber, minmay_rat_gold_closets
D:3:      kennysheep_big_flooded_room, layout_basic, uniq_crazy_yiuf_cottage
D:4:      layout_loops_cross, okawaru_trees_2, kennysheep_generic_room_10,
          uniq_ijyb, uniq_grinder

Skill      XL: |  1  2  3 |
---------------+----------+-----
Unarmed Combat | 4 5 |  5.7
Fighting       | |  3.2
Dodging        | |  2.6
Stealth        | |  1.7

Action                   |  1- 3 |  4- 6 || total
-------------------------+-------+-------++-------
Melee: Unarmed           |   157 |    80 ||   237
       Tailslap          |    12 |     8 ||    20
       Punch             |     2 |     2 ||     4
  Use: Potion            |       |     4 ||     4
       Scroll            |       |     2 ||     2
 Stab: Sleeping          |     9 |     1 ||    10
       Invisible         |       |     1 ||     1
Armor: Skin              |    37 |    35 ||    72
Dodge: Dodged            |    92 |    66 ||   158
